 Dungeon Crawl Stone Soup version 0.31-a0-37-g98a128e1d9 (webtiles) character file.

Game seed: 2171874104083644393

271 senseless the Trooper (level 6, 0/48 HPs)
             Began as a Demonspawn Fighter on May 15, 2023.
             Slain by Crazy Yiuf
             ... wielding a +2 quarterstaff of chaos
              (2 damage)
             ... on level 2 of the Dungeon.
             The game lasted 00:06:04 (2189 turns).

senseless the Trooper (Demonspawn Fighter)          Turns: 2189, Time: 00:06:04

Health: 0/48       AC: 15    Str: 18    XL:     6   Next: 2%
Magic:  7/7        EV:  5    Int: 10    God:
Gold:   145        SH:  4    Dex: 12    Spells: 5/5 levels left

rFire   + . .        a - +0 war axe
rCold   x . .        c - +0 buckler
rNeg    . . .        s - +0 plate armour
rPois   .            n - +1 hat
rElec   .            g - +0 cloak
rCorr   .            (no gloves)
SInv    .            f - +0 pair of boots
Will    .....        l - amulet of the acrobat Stlth
                     h - ring of fire
HPRegen 0.28/turn    (no ring)
MPRegen 0.10/turn

%: acrobat
@: lethally poisoned (0 -> -23)
A: foul stench 2, spiny 1, demonic touch 1
a: no special abilities


You were on level 2 of the Dungeon.
You visited 1 branch of the dungeon, and saw 4 of its levels.

You collected 145 gold pieces.

Inventory:

Hand Weapons
 a - a +0 war axe (weapon)
 u - a +2 falchion of draining
Missiles
 o - 20 poisoned darts (quivered)
Armour
 c - a +0 buckler (worn)
 f - a +0 pair of boots (worn)
 g - a +0 cloak (worn)
 n - a +1 hat (worn)
 s - a +0 plate armour (worn)
Jewellery
 h - a ring of fire (left hand)
 l - an amulet of the acrobat (around neck)
Wands
 w - a wand of polymorph (11)
Scrolls
 e - 2 scrolls of teleportation {unknown}
 i - 4 scrolls of identify {unknown}
 p - a scroll of vulnerability {unknown}
 r - a scroll of poison {unknown}
Potions
 b - a potion of haste {unknown}
 d - 2 potions of might
 j - 3 potions of curing {unknown}
 k - 4 potions of heal wounds {unknown}
 m - a potion of ambrosia {unknown}
 q - 2 potions of flight {unknown}
 t - a potion of lignification {unknown}
 v - a potion of berserk rage {unknown}


   Skills:
 + Level 4.1 Fighting
 + Level 3.0 Axes
 + Level 3.7 Armour
 + Level 3.7 Shields
 + Level 2.5 Invocations


You had 5 spell levels left.
You didn't know any spells.
Your spell library contained the following spells:

 Spells                   Type           Power      Damage    Failure   Level
 Sting                    Tmut/Pois      0%         1d3       100%        1
 Poisonous Vapours        Pois/Air       0%         N/A       100%        2
 Olgreb's Toxic Radiance  Pois           0%         N/A       100%        4


Dungeon Overview and Level Annotations

Branches:
Dungeon (4/15)
 Temple: D:4-7

Altars:

Annotations:
D:2 Crazy Yiuf


Innate Abilities, Weirdness & Mutations

You sometimes emit foul miasma when damaged in melee.
You are partially covered in sharp spines.
Your touch may inflict minor irresistible damage on your foes.


Message History

An endoplasm is nearby!
You barely miss the endoplasm. The endoplasm freezes you.
You are frozen.
You feel a terrible chill! The endoplasm is struck by your spines.
The endoplasm closely misses you.
You completely miss the endoplasm.
The endoplasm is moderately wounded.
The endoplasm is struck by your spines.
You kill the endoplasm!
No target in view!
HP restored.
You see here a +0 robe.
Crazy Yiuf shouts!
Could not explore, unopened runed door.
You open the door. You hit Crazy Yiuf but do no damage.
Crazy Yiuf hits you with a +2 quarterstaff of chaos.
You barely miss Crazy Yiuf. You block Crazy Yiuf's attack.
Crazy Yiuf hits you with a +2 quarterstaff of chaos!
You are poisoned.
You slash Crazy Yiuf!
Crazy Yiuf is moderately wounded.
You feel very sick. You block Crazy Yiuf's attack.
You hit Crazy Yiuf but do no damage.
Crazy Yiuf is moderately wounded.
You feel very sick.
Crazy Yiuf laughs, "Seed!"
Crazy Yiuf hits you with a +2 quarterstaff of chaos.
You are electrocuted!
* * * LOW HITPOINT WARNING * * *
You barely miss Crazy Yiuf.
Crazy Yiuf is moderately wounded.
You feel sick.
Crazy Yiuf hits you with a +2 quarterstaff of chaos!
* * * LOW HITPOINT WARNING * * *
You are more poisoned.
Crazy Yiuf yells, "Whiteboard sizzlefizz bag!"
Crazy Yiuf hits you with a +2 quarterstaff of chaos.
You die...

#.# #..#.#......
#.# #....<...†..
#.# #.###.#.....
#.# #####.#.....
#.# #.........
#.#########
###.##....
#..#.#..#.### ###
##.##....
##.......#..##...#
#..##....
#......####@g...#
#.###.... ##..#.##
###..)# #.# #####
###### ### #.# #.#
#.# #.### #...#
###.##### #......


You could see Crazy Yiuf.

Vanquished Creatures
  A scorpion (D:4)
  A hound (D:4)
  A sleepcap (D:4)
  An orc wizard (D:4)
  A gnoll (D:4)
  An adder (D:2)
  A worm (D:2)
  2 dart slugs
  10 orcs
  6 bats
  7 endoplasms
  4 giant cockroaches
  15 goblins
  13 hobgoblins
  10 kobolds
  A quokka (D:4)
  6 ball pythons
  3 frilled lizards
  3 rats
87 creatures vanquished.

Notes
Turn   | Place    | Note
-------+----------+-------------------------------------------
     0 | D:1      | senseless the Demonspawn Fighter began the quest for the
                  | Orb.
     0 | D:1      | Reached XP level 1. HP: 18/18 MP: 1/1
   296 | D:1      | Gained mutation: You are partially covered in sharp spines.
                  | [demonic ancestry]
   296 | D:1      | Reached XP level 2. HP: 24/24 MP: 2/2
   576 | D:1      | Gained mutation: Your touch may inflict minor irresistible
                  | damage on your foes. [demonic ancestry]
   576 | D:1      | Reached XP level 3. HP: 26/29 MP: 3/3
   815 | D:2      | Found a faded altar of an unknown god.
  1283 | D:2      | Found a runed translucent door.
  1284 | D:2      | Noticed Crazy Yiuf
  1344 | D:2      | You fall into a shaft and drop 2 floors!
  1353 | D:4      | Gained mutation: You may rarely emit foul miasma when
                  | damaged in melee. [demonic ancestry]
  1353 | D:4      | Reached XP level 4. HP: 36/36 MP: 4/4
  1599 | D:4      | Reached skill level 1 in Invocations
  1618 | D:4      | Gained mutation: You sometimes emit foul miasma when
                  | damaged in melee. [demonic ancestry]
  1618 | D:4      | Reached XP level 5. HP: 30/42 MP: 6/6
  1728 | D:4      | Reached skill level 4 in Fighting
  1943 | D:3      | Reached XP level 6. HP: 48/48 MP: 7/7
  2189 | D:2      | HP: 2/48 [Crazy Yiuf/+2 quarterstaff of chaos (10)]
  2189 | D:2      | Slain by Crazy Yiuf

Illustrated notes

Levels and vault maps discovered:
D:1:      minmay_arrival_checkered_box, layout_loops_ring, minmay_octomino_c4
D:2:      layout_loops_cross, hellmonk_ecumenical_altar_blasted, st_stairs_4,
          uniq_crazy_yiuf_cottage
D:3:      layout_basic, kennysheep_generic_room_16, uniq_sigmund
D:4:      corexii_shantytown, layout_rooms

Skill      XL: |  1  2  3  4  5 |
---------------+----------------+-----
Axes           | 2 3 |  3.0
Armour         | 3 |  3.7
Shields        | 3 |  3.7
Invocations    | 1 2 |  2.5
Fighting       | 4 |  4.1

Action                     |  1- 3 |  4- 6 || total
---------------------------+-------+-------++-------
  Melee: War axe           |    94 |    83 ||   177
 Armour: Scale mail        |    31 |       ||    31
         Chain mail        |    11 |     5 ||    16
         Plate armour      |       |    36 ||    36
  Dodge: Dodged            |    28 |    29 ||    57
  Block: Buckler           |    27 |    23 ||    50

Table legend: (Time is in decaauts)
 A = Elapsed time spent in this place.
 B = Non-inter-level travel time spent in this place.
 C = Inter-level travel time spent in this place.
 D = Time resting spent in this place.
 E = Time spent auto-exploring this place.
 F = Levels seen in this place.
 G = Mean time per level.
                   A        B        C        D        E       F      G
               +--------+--------+--------+--------+--------+-----+--------+
         Total |   2261 |   2217 |     44 |     89 |   1610 |   4 |  565.2 |
       Dungeon |   2261 |   2217 |     44 |     89 |   1610 |   4 |  565.2 |
               +--------+--------+--------+--------+--------+-----+--------+

Top non-repeatable levels by time:
     D:1: 812 daAuts
     D:2: 775 daAuts
     D:4: 516 daAuts
     D:3: 156 daAuts
